 Dungeon Crawl Stone Soup version 0.30-a0-845-g7c6808c8ce (webtiles) character file.

Game seed: 526281422741117070

277 BubbleThief the Grave Robber (level 6, -6/42 HPs)
             Began as a Demonspawn Necromancer on Mar 3, 2023.
             Killed by divine providence
             ... invoked by an orc priest
              (11 damage)
             ... on level 6 of the Dungeon.
             The game lasted 00:08:16 (4127 turns).

BubbleThief the Grave Robber (DsNe)                 Turns: 4127, Time: 00:08:16

Health: -6/42      AC:  9    Str:  8    XL:     6   Next: 4%
Magic:  0/11       EV: 10    Int: 16    God:
Gold:   174        SH:  0    Dex: 16    Spells: 8/12 levels left

rFire   . . .      SeeInvis .    w - +2 short sword (flame)
rCold   . . .      Faith    .    (no shield)
rNeg    + . .      Spirit   .    f - +2 ring mail {rN+}
rPois   .          Reflect  .    h - +0 helmet
rElec   .          Rampage  .    (no cloak)
rCorr   .                        s - +0 pair of gloves
Will    +....                    (no boots)
Stlth   +                        k - amulet of regeneration
HPRegen 1.07/turn                j - ring of willpower
MPRegen 0.12/turn                (no ring)

@: no status effects
A: weakness stinger 2
a: no special abilities


You were on level 6 of the Dungeon.
You visited 1 branch of the dungeon, and saw 5 of its levels.

You collected 174 gold pieces.

Inventory:

Hand Weapons
 w - a +2 short sword of flaming (weapon)
 x - a +1 dagger of flaming
Armour
 f - a +2 ring mail of positive energy (worn)
 h - a +0 helmet (worn)
 s - a +0 pair of gloves (worn)
Jewellery
 j - a ring of willpower (left hand)
 k - an amulet of regeneration (around neck)
 l - an amulet of magic regeneration
Scrolls
 a - a scroll of summoning
 q - a scroll of fog
 r - 5 scrolls of teleportation
 u - a scroll of identify
Potions
 b - a potion of magic
 c - a potion of cancellation {unknown}
 g - 2 potions of attraction
 m - a potion of resistance {unknown}
 n - a potion of berserk rage {unknown}
 p - a potion of might {unknown}
 v - a potion of curing {unknown}
 z - a potion of haste {unknown}
 A - a potion of lignification {unknown}


   Skills:
 + Level 0.4 Fighting
 + Level 0.4 Short Blades
 - Level 1.7 Dodging
 - Level 1.7 Stealth
 - Level 3.5 Spellcasting
 - Level 7.0 Necromancy


You had 8 spell levels left.
You knew the following spells:

 Your Spells              Type           Power      Damage    Failure   Level
a - Necrotise             Necr           100%       1d9       3%          1
b - Vampiric Draining     Necr           25%        2d7       9%          3

Your spell library contained the following spells:

 Spells                   Type           Power      Damage    Failure   Level
 Animate Dead             Necr           25%        N/A       30%         4
 Cigotuvi's Dreadful Rot  Necr/Pois/Air  20%        N/A       32%         2
 Ensorcelled Hibernation  Hex/Ice        4%         N/A       63%         2
 Passwall                 Tmut/Erth      1%         N/A       63%         2
 Poisonous Vapours        Pois/Air       4%         N/A       63%         2
 Agony                    Necr           25%        N/A       63%         5
 Ignite Poison            Fire/Tmut/Pois 2%         N/A       86%         3
 Mephitic Cloud           Conj/Pois/Air  2%         N/A       86%         3
 Swiftness                Air            2%         N/A       86%         3
 Sticky Flame             Conj/Fire      2%         2d3       99%         4
 Blade Hands              Tmut           1%         N/A       100%        5
 Irradiate                Conj/Tmut      1%         3d12      100%        5
 Dragon Form              Tmut           1%         N/A       100%        7
 Ignition                 Fire           1%         3d3       100%        8


Dungeon Overview and Level Annotations

Branches:
Dungeon (4/15)
 Temple: D:4-7

Altars:
Vehumet


Innate Abilities, Weirdness & Mutations

You have a tail ending in a sharp stinger.


Message History

Aiming: Necrotise (safe; 3% risk of failure)
Press: ? - help, Q - select action Shift-Dir - straight line, f/p - orc priest
Aim: an orc priest, wielding a +0 flail and wearing a +0 scale mail (heavily wounded, chance to affect: 83%)
The orc priest writhes in agony.
The orc priest casts a cantrip, but nothing happens.
Aiming: Necrotise (safe; 3% risk of failure)
Press: ? - help, Q - select action Shift-Dir - straight line, f/p - orc priest
Aim: an orc priest, wielding a +0 flail and wearing a +0 scale mail (almost dead, chance to affect: 83%)
The orc priest writhes in agony.
You kill the orc priest!
The dead are walking!
The centaur shoots an arrow.
The arrow hits you.
Your Necromancy skill increases to level 7!
You have reached level 6!
Aiming: Necrotise (safe; 3% risk of failure)
Press: ? - help, Q - select action, (/) - cycle Shift-Dir - straight line, f - orc
Aim: an orc, wielding a +0 dagger and wearing a +0 leather armour (chance to affect: 93%)
The orc writhes in agony.
The orc closely misses you.
You don't have enough magic to cast this spell.
Unknown command.
You hit the orc. You burn the orc.
The orc is severely wounded.
Your orc priest skeleton hits the centaur.
The orc barely misses you.
You hit the orc but do no damage.
The orc is severely wounded.
Your orc priest skeleton barely misses the centaur.
You hit the orc. You burn the orc.
You kill the orc!
The orc wizard gestures at you while chanting.
The puff of flame hits you.
The centaur shoots an arrow.
The arrow hits you!
* * * LOW HITPOINT WARNING * * *
Your orc priest skeleton hits the centaur but does no damage.
An orc priest comes into view. It is wielding a +0 dagger of pain.
The centaur unwields a +0 shortbow.
The centaur hits you.
* * * LOW HITPOINT WARNING * * *
The centaur kicks you but does no damage.
The orc priest invokes the aid of Beogh against you.
Beogh smites you!
You die...

## .# .. .#
.# .# ..#⌠ ..
.# .###?##
.##.#
.#⌠:..⌠#
Z..##.###
##.....#
#co.o.... .
⌠...<... #@#
..
#.....###.#
..
#⌠...K#...#
#.###.###.###
.. #...#
#.###.###
#.....#
####.## #.#


You could see a centaur, an orc priest, an orc wizard (ally target) and a
friendly orc priest skeleton.

Vanquished Creatures
  3 orc priests
  An orc wizard (D:3)
  Robin (D:2)
  5 adders
  3 worms
  2 dart slugs (D:1)
  7 orcs
  7 endoplasms
  8 hobgoblins
  4 quokkas
  6 ball pythons
  5 bats
  3 frilled lizards
  8 goblins
  8 kobolds
  21 rats
92 creatures vanquished.

Vanquished Creatures (collateral kills)
  A goblin (D:1)
  A ball python (D:2)
  A frilled lizard (D:1)
  4 rats (D:3)
7 creatures vanquished.

Grand Total: 99 creatures vanquished

Notes
Turn   | Place    | Note
-------+----------+-------------------------------------------
     0 | D:1      | BubbleThief the Demonspawn Necromancer began the quest for
                  | the Orb.
     0 | D:1      | Reached XP level 1. HP: 13/13 MP: 3/3
   338 | D:1      | Gained mutation: You have a small tail. [demonic ancestry]
   338 | D:1      | Reached XP level 2. HP: 19/19 MP: 1/5
   400 | D:1      | Found a faded altar of an unknown god.
   597 | D:1      | Reached skill level 5 in Necromancy
   923 | D:1      | Gained mutation: You have a tail ending in a sharp stinger.
                  | [demonic ancestry]
   923 | D:1      | Reached XP level 3. HP: 24/24 MP: 3/6
  1574 | D:2      | Reached XP level 4. HP: 30/30 MP: 3/8
  2087 | D:2      | Noticed Robin
  2143 | D:2      | Killed Robin
  2148 | D:2      | Reached skill level 6 in Necromancy
  2617 | D:3      | Learned a level 3 spell: Vampiric Draining
  2950 | D:3      | Reached XP level 5. HP: 35/35 MP: 3/9
  3899 | D:4      | Noticed a lemure
  3899 | D:4      | Noticed a lemure
  4051 | D:4      | Found a radiant altar of Vehumet.
  4100 | D:4      | You fall into a shaft and drop 2 floors!
  4102 | D:6      | Noticed a black bear
  4112 | D:6      | Noticed a centaur
  4123 | D:6      | Reached skill level 7 in Necromancy
  4123 | D:6      | Reached XP level 6. HP: 14/42 MP: 1/11
  4127 | D:6      | Killed from afar by an orc priest

Illustrated notes

Levels and vault maps discovered:
D:1:      lightli_iron_boxes, layout_basic, dreamdust_ecumenical_altar_statues,
          supply_closet_lemuel, hangedman_decor_riveting, minmay_quantized
D:2:      layout_basic, uniq_robin
D:3:      layout_loops_corners, minmay_rat_hole
D:4:      layout_loops_corners, doesnt_xom_only_xom,
          nicolae_overflow_hidden_temple, general_overflow_altar,
          nicolae_ossuary_entry_monument, uniq_pikel
D:6:      hangedman_cross_stitches, layout_loops_ring,
          nicolae_dithmenos_the_darkroom, nicolae_fountain_basement

Skill      XL: |  1  2  3  4  5 |
---------------+----------------+-----
Necromancy     | 5 6 7 |  7.0
Spellcasting   | 3 |  3.5
Fighting       | |  0.4
Short Blades   | |  0.4
Dodging        | |  1.7
Stealth        | |  1.7

Action                     |  1- 3 |  4- 6 || total
---------------------------+-------+-------++-------
  Melee: Unarmed           |    19 |       ||    19
         Dagger            |     1 |    30 ||    31
         Tailslap          |     1 |     6 ||     7
         Short sword       |       |     4 ||     4
         Punch             |       |     1 ||     1
   Cast: Necrotise         |    66 |   103 ||   169
    Use: Scroll            |       |    10 ||    10
 Armour: Ring mail         |    21 |    37 ||    58
  Dodge: Dodged            |    27 |    27 ||    54

Table legend: (Time is in decaauts)
 A = Elapsed time spent in this place.
 B = Non-inter-level travel time spent in this place.
 C = Inter-level travel time spent in this place.
 D = Time resting spent in this place.
 E = Time spent auto-exploring this place.
 F = Levels seen in this place.
 G = Mean time per level.
                   A        B        C        D        E       F      G
               +--------+--------+--------+--------+--------+-----+--------+
         Total |   4123 |   3987 |    136 |      3 |   3298 |   5 |  824.6 |
       Dungeon |   4123 |   3987 |    136 |      3 |   3298 |   5 |  824.6 |
               +--------+--------+--------+--------+--------+-----+--------+

Top non-repeatable levels by time:
     D:3: 1443 daAuts
     D:2: 1388 daAuts
     D:1: 1096 daAuts
     D:4: 169 daAuts
     D:6: 26 daAuts
